 Dungeon Crawl Stone Soup version 0.29-a0-512-gf59ac78 (webtiles) character file.

Game seed: 6094549569029405808

8925 lyrin the Arsonist (level 10, -13/69 HPs)
             Began as a Demigod Fire Elementalist on May 29, 2022.
             Mangled by a two-headed ogre
             ... wielding a +0 giant spiked club
              (17 damage)
             ... on level 9 of the Dungeon.
             The game lasted 00:21:30 (13001 turns).

lyrin the Arsonist (Demigod Fire Elementalist)     Turns: 13001, Time: 00:21:31

Health: -13/69     AC: 18    Str: 13    XL:     10   Next: 95%
Magic:  21/21      EV: 13    Int: 25    God:
Gold:   602        SH:  5    Dex: 14    Spells: 4/19 levels left

rFire   . . .      SeeInvis .   n - +1 whip (venom)
rCold   . . .      Faith    .   J - +0 buckler
rNeg    . . .      Spirit   .   M - +0 steam dragon scales
rPois   .          Reflect  .   u - +0 helmet
rElec   .          Harm     .   L - +1 cloak
rCorr   .          Rampage  .   A - +0 pair of gloves
Will    +....                   e - +0 pair of boots
Stlth   ++........              (no amulet)
HPRegen 0.21/turn               P - +4 ring of protection
MPRegen 0.17/turn               f - +4 ring of protection

@: no status effects
A: high MP 1, forlorn, divine attributes
a: no special abilities


You were on level 9 of the Dungeon.
You visited 1 branch of the dungeon, and saw 10 of its levels.
You also visited: Ossuary.

You collected 728 gold pieces.
You spent 126 gold pieces at shops.

Inventory:

Hand Weapons
 n - a +1 whip of venom (weapon)
Missiles
 E - 5 poisoned darts
 N - a throwing net
Armour
 e - a +0 pair of boots (worn)
 u - a +0 helmet (worn)
 A - a +0 pair of gloves (worn)
 J - a +0 buckler (worn)
 L - a +1 cloak (worn)
 M - +0 steam dragon scales (worn)
Jewellery
 a - a ring of wizardry
 f - a +4 ring of protection (right hand)
 y - a ring of fire
 P - a +4 ring of protection (left hand)
Wands
 F - a wand of iceblast (18)
 H - a wand of polymorph (10)
 I - a wand of flame (29)
 K - a wand of charming (2)
 O - a wand of acid (5)
Scrolls
 c - 2 scrolls of amnesia {unknown}
 d - 2 scrolls of fear {unknown}
 g - a scroll of magic mapping
 h - 2 scrolls of poison
 l - 3 scrolls of teleportation
 q - 4 scrolls of immolation
 r - 3 scrolls of fog {unknown}
 s - 5 scrolls of identify {unknown}
 t - 3 scrolls of vulnerability {unknown}
 v - a scroll of brand weapon {unknown}
 G - a scroll of enchant weapon {unknown}
Potions
 b - 2 potions of magic
 i - a potion of resistance {unknown}
 j - a potion of berserk rage {unknown}
 k - 2 potions of cancellation {unknown}
 m - 4 potions of brilliance
 o - 2 potions of attraction {unknown}
 p - 2 potions of ambrosia {unknown}
 w - 2 potions of mutation {unknown}
 x - 2 potions of curing
 z - 3 potions of haste {unknown}
 B - 2 potions of might {unknown}
 C - 4 potions of heal wounds {unknown}
 D - 3 potions of lignification {unknown}
 Q - a potion of flight {unknown}


   Skills:
 + Level 3.5 Maces & Flails
 - Level 4.0 Dodging
 - Level 1.7 Stealth
 - Level 5.0 Shields
 - Level 5.1 Spellcasting
 - Level 0.8 Conjurations
 * Level 6.4 Hexes
 * Level 6.2 Summonings
 - Level 10.0 Fire Magic
 + Level 0.1 Evocations


You had 4 spell levels left.
You knew the following spells:

 Your Spells              Type           Power      Damage    Failure   Level
a - Foxfire               Conj/Fire      100%       2x1d9     1%          1
b - Scorch                Fire           100%       2d10      1%          2
c - Conjure Flame         Conj/Fire      33%        6-21      3%          3
d - Summon Mana Viper     Hex/Summ       38%        N/A       22%         5
e - Sticky Flame          Conj/Fire      33%        2d5       11%         4

Your spell library contained the following spells:

 Spells                   Type           Power      Damage    Failure   Level
 Slow                     Hex            100%       N/A       1%          1
 Inner Flame              Hex/Fire       47%        N/A       1%          3
 Confusing Touch          Hex            38%        N/A       2%          3
 Tukima's Dance           Hex            38%        N/A       2%          3
 Ensorcelled Hibernation  Hex/Ice        44%        N/A       4%          2
 Ignite Poison            Fire/Tmut/Pois 23%        N/A       8%          3
 Sting                    Tmut/Pois      24%        1d4       11%         1
 Flame Wave               Conj/Fire      33%        2d8       11%         4
 Poisonous Vapours        Pois/Air       12%        N/A       16%         2
 Sublimation of Blood     Necr           6%         N/A       16%         2
 Wereblood                Tmut           6%         N/A       16%         2
 Anguish                  Hex/Necr       11%        N/A       26%         4
 Summon Ice Beast         Ice/Summ       22%        N/A       28%         4
 Spider Form              Tmut/Pois      6%         N/A       30%         3
 Vampiric Draining        Necr           6%         2d6       30%         3
 Olgreb's Toxic Radiance  Pois           6%         N/A       71%         4
 Passage of Golubria      Tloc           6%         N/A       71%         4
 Yara's Violent Unravell  Hex/Tmut       11%        3d6       58%         5
 Monstrous Menagerie      Summ           18%        N/A       100%        7
 Summon Hydra             Summ           18%        N/A       100%        7


Dungeon Overview and Level Annotations

Branches:
Dungeon (10/15)            Temple (0/1) D:7            Lair (0/6) D:8
Ossuary (visited)
    Orc: D:9-12

Shops:
D:2 (   D:8 *

Annotations:
D:7 3 runed translucent doors, Toastz's ghost, novice BaWr


Innate Abilities, Weirdness & Mutations

You have an increased reservoir of magic. (+10% MP)
You shall have no god before yourself.
Your divine heritage dramatically boosts your attributes as you level up.


Message History

You block the killer bee's attack.
The killer bee stings you but does no damage.
The orc warrior hits you from afar with a +0 halberd.
Casting: Scorch (safe; 1% risk of failure)
Confirm with . or Enter, or press ? or * to list all spells.
Flames lash the killer bee.
The killer bee is burned terribly!
You kill the killer bee!
The orc warrior hits you from afar with a +0 halberd.
Unknown command.
There is an open door here.
The orc warrior is no longer more vulnerable to fire.
There is a stone staircase leading down here.
You can't go up here!
You block the orc warrior's attack.
You climb downwards.
There is a stone staircase leading up here.
The two-headed ogre attacks as you move away!
You block the two-headed ogre's attack. x2
The two-headed ogre attacks as you move away!
The two-headed ogre barely misses you. x2
There is a stone staircase leading up here.
You can't go down here!
The two-headed ogre hits you with a +0 giant spiked club!!
You block the two-headed ogre's attack.
You climb upwards.
There is a stone staircase leading down here.
Unknown command.
The two-headed ogre misses you.
The two-headed ogre hits you with a +0 giant club!!
The two-headed ogre attacks as you move away!
The two-headed ogre hits you with a +0 giant spiked club.
The two-headed ogre hits you with a +0 giant club!!
* * * LOW HITPOINT WARNING * * *
Okay, then.
Okay, then.
Okay, then.
The two-headed ogre attacks as you move away!
The two-headed ogre closely misses you.
The two-headed ogre hits you with a +0 giant club!
You die...

#.......# #[##≈≈
#######.# #.###.
#.#######.####
#######.........##.≈
#...............####
#...).)..........#
#...[)...........#
#...################
#..@#.......o.).....
#..O#....y....#.....
#...#...o.o...#.....
#...#.........#8.[..
#...#'##############
#>..# # #...# #
#...# # #...# #


You could see a two-headed ogre.

Vanquished Creatures
  A centaur warrior (D:9)
  A two-headed ogre (D:10)
  A deep elf pyromancer (D:9)
  A cyclops (D:9)
  A gargoyle (D:10)
  2 komodo dragons (D:8)
  3 trolls
  A hornet (D:9)
  The ghost of SuisLittleHoshiymin the Conjurer, an amateur HuCj (D:3)
  A vampire (D:9)
  2 shadows (D:9)
  3 yaks (D:10)
  2 wyverns (D:8)
  2 steam dragons
  Menkaure (D:4)
  An acid dragon (D:9)
  2 ice beasts
  3 sky beasts
  2 orc warriors
  An ogre (D:6)
  2 centaurs
  3 phantoms
  2 kobold brigands
  A necrophage (D:3)
  2 bullfrogs
  A gnoll sergeant (D:9)
  3 scorpions (D:5)
  9 wights
  5 killer bees
  3 jellies (D:6)
  7 howler monkeys
  A centaur zombie (Ossuary)
  4 hounds
  3 orc priests
  A human zombie (Ossuary)
  3 iguanas
  2 orc wizards (D:7)
  A centaur simulacrum (D:4)
  4 mummies
  Robin (D:3)
  3 gnolls (D:9)
  4 adders
  A hound simulacrum (D:4)
  A shadow imp (D:6)
  3 white imps
  3 ufetubi
  3 dart slugs
  3 worms
  An adder simulacrum (D:4)
  17 orcs
  6 endoplasms
  8 giant cockroaches
  A gnoll zombie (Ossuary)
  16 goblins
  10 hobgoblins
  7 jackals
  14 kobolds
  6 quokkas
  3 ball pythons
  4 bats
  3 frilled lizards
  A goblin zombie (Ossuary)
  A hobgoblin zombie (Ossuary)
  A kobold zombie (Ossuary)
  2 orc zombies (Ossuary)
  4 rats
216 creatures vanquished.

Vanquished Creatures (others)
  2 kobolds (D:8)
  8 bushes (D:9)
  87 foxfires
97 creatures vanquished.

Grand Total: 313 creatures vanquished

Notes
Turn   | Place    | Note
-------+----------+-------------------------------------------
     0 | D:1      | lyrin the Demigod Fire Elementalist began the quest for the
                  | Orb.
     0 | D:1      | Reached XP level 1. HP: 14/14 MP: 5/5
   463 | D:1      | Reached skill level 3 in Fire Magic
   491 | D:1      | Reached XP level 2. HP: 20/20 MP: 1/7
   629 | D:1      | Learned a level 2 spell: Scorch
  1161 | D:2      | Reached XP level 3. HP: 26/26 MP: 0/9
  1665 | D:2      | Found Ateuriaps's Antique Weapon Boutique.
  2309 | D:3      | Reached XP level 4. HP: 33/33 MP: 4/11
  2458 | D:3      | Noticed a necrophage
  2462 | D:3      | Killed a necrophage
  2463 | D:3      | Reached skill level 4 in Fire Magic
  2878 | D:4      | Noticed Menkaure
  2882 | D:4      | Killed Menkaure
  2883 | D:4      | Reached XP level 5. HP: 38/38 MP: 7/14
  3066 | D:4      | Reached XP level 6. HP: 45/45 MP: 5/15
  3320 | D:3      | Noticed Robin
  3364 | D:3      | Killed Robin
  3700 | D:4      | Found a runed translucent gate.
  3703 | D:4      | Found a runed translucent gate.
  3704 | D:4      | Found a runed translucent gate.
  3919 | D:4      | Learned a level 3 spell: Conjure Flame
  4091 | D:4      | Noticed SuisLittleHoshiymin's ghost (amateur HuCj)
  4686 | D:3      | Reached skill level 5 in Fire Magic
  4956 | D:3      | Killed SuisLittleHoshiymin's ghost
  4957 | D:3      | Reached skill level 5 in Spellcasting
  4957 | D:3      | Reached XP level 7. HP: 31/50 MP: 7/18
  5171 | D:5      | Entered Level 5 of the Dungeon
  5188 | D:5      | Found a sand-covered staircase.
  5206 | Ossuary  | Entered an ossuary
  5375 | Ossuary  | Reached skill level 6 in Fire Magic
  5849 | D:5      | Reached skill level 7 in Fire Magic
  5899 | D:5      | Identified the +2 spear "Idiasoju" {pain, rN+ Dex+2}
  6233 | D:5      | Reached XP level 8. HP: 42/57 MP: 13/19
  6653 | D:6      | Reached skill level 8 in Fire Magic
  6994 | D:6      | Reached skill level 9 in Fire Magic
  7654 | D:7      | Found a staircase to the Ecumenical Temple.
  7994 | D:7      | Reached skill level 10 in Fire Magic
  8000 | D:7      | Learned a level 5 spell: Summon Mana Viper
  8052 | D:7      | Reached XP level 9. HP: 62/62 MP: 14/20
  8212 | D:7      | Reached skill level 1 in Hexes
  8212 | D:7      | Reached skill level 1 in Summonings
  8329 | D:7      | Found a runed translucent gate.
  8329 | D:7      | Found a runed translucent gate.
  8330 | D:7      | Found a runed translucent gate.
  8332 | D:7      | Noticed Toastz's ghost (novice BaWr)
  8835 | D:8      | Learned a level 4 spell: Sticky Flame
  9202 | D:8      | Found Avynuaka's General Store.
  9448 | D:8      | Noticed a komodo dragon
  9459 | D:8      | Killed a komodo dragon
  9460 | D:8      | Reached skill level 1 in Shields
  9793 | D:8      | Bought a +1 cloak for 126 gold pieces
 10059 | D:8      | Noticed a komodo dragon
 10344 | D:8      | Killed a komodo dragon
 10502 | D:8      | Found a staircase to the Lair.
 11173 | D:9      | Reached XP level 10. HP: 69/69 MP: 10/21
 11473 | D:10     | Entered Level 10 of the Dungeon
 11502 | D:10     | Noticed a two-headed ogre
 11633 | D:10     | Noticed a two-headed ogre
 11642 | D:10     | Killed a two-headed ogre
 11643 | D:10     | Reached skill level 1 in Maces & Flails
 11750 | D:10     | Reached skill level 5 in Hexes
 11750 | D:10     | Reached skill level 5 in Summonings
 12112 | D:10     | Noticed a two-headed ogre
 12183 | D:9      | Noticed a cyclops
 12193 | D:9      | Killed a cyclops
 12301 | D:9      | Noticed a centaur warrior
 12317 | D:9      | Killed a centaur warrior
 12318 | D:9      | Reached skill level 5 in Shields
 12606 | D:9      | Noticed a deep elf pyromancer
 12609 | D:9      | HP: 2/69 [deep elf pyromancer/bolt of fire (32)]
 12613 | D:9      | Killed a deep elf pyromancer
 13001 | D:9      | Mangled by a two-headed ogre

Illustrated notes

Levels and vault maps discovered:
D:1:      tarquinn_simple_flora_water_a, layout_loops_ring
D:2:      layout_rooms, serial_shops, shop, basic_altar, minmay_misc_feat_plants
D:3:      layout_basic, hellmonk_ecumenical_altar_lost_god,
          minmay_misc_feat_roman, nicolae_figureground_sparkle, uniq_robin
D:4:      layout_loops_ring, mainiacjoe_overflow_concentric_impassable,
          serial_rivers, chequers_serial_rivers_micro_c,
          chequers_serial_rivers_micro_b, chequers_serial_rivers_micro_a,
          chequers_serial_rivers_micro_a, chequers_serial_rivers_micro_a,
          chequers_serial_rivers_micro_c, gammafunk_ghost_icy, uniq_menkaure
D:5:      layout_loops_ring, nicolae_overflow_squiral, gup_ossuary_entry_pyramid
D:6:      layout_gridville
D:7:      layout_gridville, minmay_temple_entry_glass, ebering_ghost_rock_garden
D:8:      layout_rooms, mainiacjoe_overflow_catwalk, erik_lair_dragon,
          serial_shops, nicolae_shop_waterfront
D:9:      minmay_klotski, layout_small_grid, chequers_serial_rivers_micro_d,
          nicolae_concentric_dashed_squares_wild, chequers_serial_rivers_marsh
D:10:     minmay_polygon_palace, layout_basic, uniq_sonja, uniq_josephine,
          uniq_erolcha

Skill      XL: |  1  2  3  4  5  6  7  8  9 10 |
---------------+-------------------------------+-----
Dodging        | 2 3 4 |  4.0
Spellcasting   | 2 3 4 5 |  5.1
Fire Magic     | 3 4 5 7 10 | 10.0
Hexes          | 4 6 |  6.4
Summonings     | 4 6 |  6.2
Shields        | 3 5 |  5.0
Maces & Flails | 3 |  3.5
Stealth        | |  1.7
Conjurations   | |  0.8
Evocations     | |  0.1

Action                   |  1- 3 |  4- 6 |  7- 9 | 10-12 || total
-------------------------+-------+-------+-------+-------++-------
Melee: Dagger            |     9 |       |       |       ||     9
       Whip              |       |    28 |    36 |    21 ||    85
 Cast: Foxfire           |    20 |       |    24 |     6 ||    50
       Scorch            |    46 |    66 |   179 |    44 ||   335
       Conjure Flame     |       |       |     1 |       ||     1
       Sticky Flame      |       |       |     6 |    14 ||    20
Evoke: Wand              |       |       |       |     2 ||     2
  Use: Scroll            |       |       |     3 |       ||     3
       Potion            |       |       |       |     3 ||     3
Armor: Robe              |     7 |    12 |    38 |       ||    57
       Steam dragon scal |       |       |    13 |    46 ||    59
Dodge: Dodged            |    26 |    44 |    89 |    35 ||   194
Block: Buckler           |       |       |    13 |    19 ||    32

Table legend: (Time is in decaauts)
 A = Elapsed time spent in this place.
 B = Non-inter-level travel time spent in this place.
 C = Inter-level travel time spent in this place.
 D = Time resting spent in this place.
 E = Time spent auto-exploring this place.
 F = Levels seen in this place.
 G = Mean time per level.
                   A        B        C        D        E       F      G
               +--------+--------+--------+--------+--------+-----+--------+
         Total |  13024 |  12650 |    374 |   2439 |   8225 |  11 | 1184.0 |
       Dungeon |  12624 |  12250 |    374 |   2386 |   7983 |  10 | 1262.4 |
       Ossuary |    399 |    399 |      0 |     53 |    242 |   1 |  399.0 |
               +--------+--------+--------+--------+--------+-----+--------+

Top non-repeatable levels by time:
     D:7: 1877 daAuts
     D:9: 1745 daAuts
     D:3: 1650 daAuts
     D:4: 1385 daAuts
     D:6: 1123 daAuts
     D:1: 1101 daAuts
     D:8: 1078 daAuts
     D:2: 1042 daAuts
     D:5: 958 daAuts
    D:10: 661 daAuts
 Ossuary: 399 daAuts
